 Dungeon Crawl Stone Soup version 0.22.1-6-g1668fe2 (webtiles) character file.

350 redwoodhats the Caller (level 6, -1/45 HPs)
             Began as a Hill Orc Summoner on Jan 30, 2019.
             Was a Follower of Beogh.
             Slain by Duvessa
             ... wielding a +0 short sword
              (3 damage)
             ... on level 4 of the Dungeon.
             The game lasted 00:35:58 (4925 turns).

redwoodhats the Caller (Hill Orc Summoner)          Turns: 4925, Time: 00:35:59

Health: -1/45      AC:  7    Str: 11    XL:     6   Next: 60%
Magic:  3/12       EV: 12    Int: 17    God:    Beogh [*.....]
Gold:   198        SH:  0    Dex: 11    Spells: 3/12 levels left

rFire    + . .     SeeInvis .   o - +2 dagger (speed)
rCold    . . .     Gourm    .   (no shield)
rNeg     . . .     Faith    .   c - +1 robe {rF+}
rPois    .         Spirit   .   j - +2 hat
rElec    .         Reflect  .   (no cloak)
rCorr    .         Harm     .   (no gloves)
MR       .....                  (no boots)
Stlth    ++........             (no amulet)
HPRegen  0.15/turn              (no ring)
MPRegen  0.13/turn              (no ring)

@: about to teleport
A: molten scales 1, high mp 1
a: Renounce Religion


You were on level 4 of the Dungeon.
You worshipped Beogh.
Beogh was aware of your devotion.
You were not hungry.

You visited 1 branch of the dungeon, and saw 4 of its levels.

You collected 198 gold pieces.

Inventory:

Hand Weapons
 d - a +2 short sword of draining
 m - a +0 hunting sling
 o - a +2 dagger of speed (weapon)
 r - a +1 flail of distortion
 t - a +0 trident of piercing
Missiles
 s - 5 tomahawks (quivered)
Armour
 a - a +0 robe
 c - a +1 robe of fire resistance (worn)
 g - a +0 leather armour
 h - a +0 pair of gloves
 i - a cursed +0 scale mail
 j - a +2 hat (worn)
 k - a +0 pair of gloves
Wands
 b - a wand of acid (4)
 f - a wand of enslavement (15)
 q - a wand of disintegration (9)
Scrolls
 e - a scroll of enchant armour
 l - a scroll of identify
 n - 2 scrolls of amnesia
 u - a scroll of fear {unknown}
 v - a scroll of random uselessness {unknown}


   Skills:
 + Level 0.3 Fighting
 + Level 1.2 Short Blades
 + Level 1.9 Dodging
 + Level 2.2 Stealth
 + Level 3.5 Spellcasting
 + Level 0.2 Hexes
 + Level 5.6 Summonings


You had 3 spell levels left.
You knew the following spells:

 Your Spells              Type           Power        Failure   Level  Hunger
a - Summon Small Mammal   Summ           ###.         1%          1    None
b - Call Canine Familiar  Summ           ###.....     4%          3    ###....
c - Summon Guardian Gole  Hex/Summ       ##......     14%         3    ###....
d - Call Imp              Summ           ###.....     2%          2    ##.....

Your spell library contained the following spells:

 Spells                   Type           Power        Failure   Level  Hunger
 Summon Ice Beast         Ice/Summ       ##......     45%         4    ####...
 Summon Lightning Spire   Summ/Air       ##......     45%         4    ####...


Dungeon Overview and Level Annotations

Branches:
Dungeon (4/15)
 Temple: D:4-7

Altars:
Kikubaaqudgha
Okawaru

Annotations:
D:4 Dowan, Duvessa


Innate Abilities, Weirdness & Mutations

You are partially covered in molten scales. (AC +2)
You have an increased reservoir of magic. (+10% MP)


Message History

Casting: Call Imp (safe; 2% risk of failure)
Confirm with . or Enter, or press ? or * to list all spells.
A beastly little devil appears in a puff of frigid air.
Your hound bites Duvessa but does no damage.
Duvessa misses you.
Your crimson imp hits Duvessa.
Your hound bites Duvessa but does no damage.
Duvessa closely misses your crimson imp.
Your crimson imp blinks!
You aren't carrying any potions.
Okay, then.
You barely miss Duvessa.
Duvessa is severely wounded.
Your hound bites Duvessa but does no damage.
Your crimson imp barely misses Duvessa.
Duvessa hits you with a short sword.
* * * LOW HITPOINT WARNING * * *
As you read the scroll of teleportation, it crumbles to dust.
You feel strangely unstable.
Your hound closely misses Duvessa.
Your white imp hits Duvessa.
Your white imp freezes Duvessa.
Duvessa hits you with a short sword.
You die...

#.##.###### #...............###
#....##...# .....###.#.####..# #
###.....#.# ......# #...# #...###
#....##...# ......###.### ##.....
#....###.## #....... ##.###
..#### #.# #...### #.# ### ###.#
##.55##### #.# #...# #.5he8...#
##'## #.### #.#@# #.# ##..e##
##.# ##.#.####.# ##.....# # ##..#
#.........# ##...e...
####..[######(.#......###........
'.......................'........
##.....######..##.....###........
##.##.## #.........# ##.......
#.#### #####.##### ##.....# #.#
#.# #####...##


You could see Duvessa, a friendly guardian golem, a friendly hound, 2 friendly
crimson imps and a friendly white imp.

Vanquished Creatures
  An orc priest (D:4)
  2 orc wizards (D:4)
  Ijyb (D:4)
  A hound skeleton (D:4)
  7 adders
  A shadow imp (D:4)
  4 worms
  A dart slug (D:2)
  2 leopard geckos
  4 orcs (D:4)
  3 bats (D:1)
  2 giant cockroaches (D:2)
  3 goblins (D:1)
  5 hobgoblins
  A jackal (D:3)
  A kobold (D:3)
  A quokka (D:3)
  A frilled lizard (D:4)
  3 rats
44 creatures vanquished.

Vanquished Creatures (collateral kills)
  Blork the orc (D:4)
  A bullfrog skeleton (D:4)
  An orc wizard (D:4)
  An iguana (D:4)
  2 adders
  An ooze (D:3)
  A worm (D:2)
  4 dart slugs
  6 orcs
  3 goblins
  7 hobgoblins
  6 jackals
  3 kobolds
  2 bats
  2 frilled lizards
  2 rats (D:3)
43 creatures vanquished.

Vanquished Creatures (others)
  An adder (D:3)
  A leopard gecko (D:3)
  A ball python (D:3)
  A goblin (D:3)
  A rat (D:3)
  4 toadstools (D:1)
9 creatures vanquished.

Grand Total: 96 creatures vanquished

Notes
Turn   | Place    | Note
-------+----------+-------------------------------------------
     0 | D:1      | redwoodhats the Hill Orc Summoner began the quest for the
                  | Orb.
     0 | D:1      | Reached XP level 1. HP: 14/14 MP: 3/3
   447 | D:1      | Reached XP level 2. HP: 20/20 MP: 0/4
   715 | D:2      | Reached XP level 3. HP: 26/26 MP: 5/5
   720 | D:2      | Learned a level 3 spell: Call Canine Familiar
  1177 | D:2      | Reached XP level 4. HP: 32/33 MP: 4/7
  1190 | D:2      | Learned a level 3 spell: Summon Guardian Golem
  2045 | D:3      | Reached skill level 1 in Short Blades
  2251 | D:3      | Became a worshipper of Beogh the Brigand
  2657 | D:3      | Found an ancient bone altar of Kikubaaqudgha.
  2657 | D:3      | Found an iron altar of Okawaru.
  3303 | D:4      | Noticed Duvessa
  3303 | D:4      | Noticed Dowan
  3337 | D:4      | Gained mutation: You have an increased reservoir of magic.
                  | (+10% MP) [potion of mutation]
  3337 | D:4      | Gained mutation: You are partially covered in molten
                  | scales. (AC +2) [potion of mutation]
  3372 | D:4      | Noticed Ijyb
  3554 | D:4      | Reached XP level 5. HP: 38/38 MP: 9/9
  3871 | D:4      | Killed Ijyb
  3879 | D:4      | Reached skill level 5 in Summonings
  3879 | D:4      | Reached XP level 6. HP: 9/45 MP: 3/11
  3883 | D:4      | Learned a level 2 spell: Call Imp
  4166 | D:4      | HP: 1/45 [iguana (6)]
  4564 | D:4      | Noticed Blork the orc
  4769 | D:4      | Reached * piety under Beogh
  4787 | D:4      | Killed Blork the orc
  4924 | D:4      | HP: 2/45 [Duvessa/short sword (6)]
  4925 | D:4      | Slain by Duvessa

Skill      XL: |  1  2  3  4  5 |
---------------+----------------+-----
Stealth        | 2 |  2.2
Spellcasting   | 2 3 |  3.5
Short Blades   | 1 |  1.2
Summonings     | 5 |  5.6
Fighting       | |  0.3
Dodging        | |  1.9
Hexes          | |  0.2

Action                   |  1- 3 |  4- 6 || total
-------------------------+-------+-------++-------
Melee: Short sword       |    47 |    42 ||    89
       Unarmed           |     2 |     3 ||     5
       Dagger            |       |   108 ||   108
Throw: Tomahawk          |       |     1 ||     1
 Cast: Summon Small Mamm |    20 |    28 ||    48
       Call Canine Famil |     4 |    16 ||    20
       Summon Guardian G |       |     9 ||     9
       Call Imp          |       |     9 ||     9
Invok: Convert to Beogh  |       |     1 ||     1
Evoke: Wand              |       |     7 ||     7
  Use: Scroll            |     2 |     7 ||     9
       Potion            |     2 |     4 ||     6
 Stab: Sleeping          |     4 |     1 ||     5
       Distracted        |     1 |       ||     1
  Eat: Ration            |     1 |     3 ||     4
       Chunk             |       |     4 ||     4
Armor: Robe              |    14 |    37 ||    51
       Skin              |       |     5 ||     5
Dodge: Dodged            |    46 |    86 ||   132
